 Dungeon Crawl Stone Soup version 0.17-a0-1667-g4ca74a1 (console) character file.

10894 Daisuki the Cleaver (level 12, -5/97 HPs)
             Began as a Formicid Fighter on Aug 17, 2015.
             Was an Elder of Makhleb.
             Killed from afar by an electric eel (8 damage)
             ... with a bolt of electricity
             ... on level 10 of the Dungeon on Aug 18, 2015.
             The game lasted 01:13:56 (12614 turns).

Daisuki the Cleaver (Formicid Fighter)             Turns: 12614, Time: 01:13:57

Health: -5/97      AC: 18    Str: 26    XL:     12   Next: 0%
Magic:  17/17      EV:  5    Int:  8    God:    Makhleb [****..]
Gold:   42         SH: 10    Dex: 10    Spells: 0 memorised, 11 levels left

rFire  + . .     SeeInvis +     a - +0 battleaxe
rCold  . . .     Clarity  .     D - +0 plate armour
rNeg   . . .     SustAt   .     R - +0 shield
rPois  .         Gourm    .     (helmet unavailable)
rElec  .         Spirit   .     F - +0 cloak
rCorr  .         Warding  .     U - +2 pair of gloves
rMut   .         Stasis   +     u - +2 pair of boots {Stlth+}
MR     +....                    (no amulet)
Stlth  ..........               W - ring of teleportation (curse)
                                M - ring of protection from fire

@: very slightly contaminated, somewhat resistant to hostile enchantments,
extremely unstealthy
A: permanent stasis, dig shafts and tunnels, four strong arms, antennae 3
a: Dig, Shaft Self, Minor Destruction, Lesser Servant of Makhleb, Major
Destruction, Renounce Religion, Evoke Teleportation


You were on level 10 of the Dungeon.
You worshipped Makhleb.
Makhleb was greatly pleased with you.
You were not hungry.

You visited 2 branches of the dungeon, and saw 11 of its levels.

You collected 521 gold pieces.
You spent 479 gold pieces at shops.

Inventory:

Hand weapons
 a - a +0 battleaxe (weapon)
   (You took it off an orc warrior on level 9 of the Dungeon)
 b - a +0 blowgun
   (You took it off a kobold on level 3 of the Dungeon)
 c - a +0 shortbow
   (You took it off a centaur on level 5 of the Dungeon)
 l - a +1 greatsling of flaming
   (You found it on level 6 of the Dungeon)
Missiles
 f - 222 stones (quivered)
 g - 11 arrows of dispersal
 i - 32 sling bullets
 q - 238 arrows
 r - 39 arrows of frost
 w - 15 bolts of flame
 A - 77 poisoned needles
 C - 13 sling bullets of flame
 H - 13 curare-tipped needles
Armour
 u - a +2 pair of boots of stealth (worn)
   (You bought it in a shop on level 8 of the Dungeon)
 D - a +0 plate armour (worn)
   (You took it off an orc warrior on level 6 of the Dungeon)
 F - a +0 cloak (worn)
   (You bought it in a shop on level 8 of the Dungeon)
 R - a +0 shield (worn)
 U - a +2 pair of gloves (worn)
   (You found it on level 5 of the Dungeon)
Jewellery
 M - a ring of protection from fire (left hand)
   (You found it on level 4 of the Dungeon)
 P - an uncursed ring of protection from magic
   (You found it on level 4 of the Dungeon)
 W - a cursed ring of teleportation (right hand)
   (You found it on level 9 of the Dungeon)
Magical devices
 v - a wand of invisibility (3)
   (You took it off Grum on level 9 of the Dungeon)
 y - a wand of polymorph (5)
   (You took it off Pikel on level 7 of the Dungeon)
 G - a wand of magic darts (44)
   (You found it on level 3 of the Dungeon)
 I - a wand of cold (2)
   (You found it on level 8 of the Dungeon)
 O - a wand of confusion (24)
   (You took it off Duvessa on level 6 of the Dungeon)
Scrolls
 o - 5 scrolls of recharging
 s - 2 scrolls of fear
 x - 5 scrolls of fog
 S - a scroll of identify
 T - a scroll of magic mapping
Potions
 h - 4 potions of flight
 k - a potion of heal wounds
 p - 2 potions of curing
Comestibles
 d - 12 chunks of flesh
 e - 5 bread rations
 t - 6 meat rations
 Q - a slice of pizza
 X - a beef jerky


   Skills:
 - Level 10.0 Fighting
 * Level 14.4 Axes
 - Level 3.2 Armour
 - Level 3.6 Shields
 + Level 6.6 Invocations


You had 11 spell levels left.
You didn't know any spells.

Dungeon Overview and Level Annotations

Branches:
Dungeon (10/15)            Temple (1/1) D:7
   Lair: D:8-11         Orc: D:9-12

Altars:
Ashenzari
Cheibriados
Dithmenos
Elyvilon
Fedhas
Gozag
Kikubaaqudgha
Makhleb
Nemelex Xobeh
Okawaru
Qazlal
Ru
Sif Muna
Trog
Vehumet
Xom
Yredelemnul
Zin
The Shining One

Shops:
D:8 [*[}*

Annotations:
D:8 exclusion: downstairs
D:9 4+ iron golems, exclusion: upstairs
D:10 Maud


Innate Abilities, Weirdness & Mutations

You are under a permanent stasis effect.
You can dig through walls and to a lower floor.
Your four strong arms can wield two-handed weapons with a shield.
You have a pair of large antennae on your head (SInv).


Message History

Okay, then.
Evoke which item? (* to show all) (? for menu, Esc to quit)
Zapping:
I - a wand of cold (7)
Press: ? - help, Shift-Dir - straight line, f - jackal
Aim: a jackal The bolt of cold hits the troll.
You kill the troll!
Makhleb accepts your kill.
You feel better.
The bolt of cold hits the jackal.
You kill the jackal!
Makhleb accepts your kill.
You feel better.
The bolt of cold hits the jackal.
You kill the jackal!
Makhleb accepts your kill.
You feel better.
This wand has 6 charges left.
Your shield prevents you from hitting the phantom.
The phantom hits you but does no damage.
You closely miss the phantom.
The phantom hits you but does no damage.
You closely miss the phantom. The phantom barely misses you.
Your plate armour prevents you from hitting the phantom.
The phantom blinks!
The phantom hits you but does no damage.
You closely miss the phantom.
The phantom hits you but does no damage.
You closely miss the phantom.
The phantom hits you but does no damage.
Your plate armour prevents you from hitting the phantom.
The phantom hits you but does no damage.
You hit the phantom.
The phantom is lightly damaged.
The phantom hits you but does no damage.
You closely miss the phantom.
The phantom is lightly damaged.
The phantom barely misses you.
You hit the phantom.
The phantom is lightly damaged.
You block the phantom's attack.
Your plate armour prevents you from hitting the phantom.
The phantom is lightly damaged.
The phantom hits you but does no damage.
The phantom hits you.
* * * LOW HITPOINT WARNING * * *
You slash the phantom!
The phantom is heavily damaged.
The phantom hits you but does no damage.
Your plate armour prevents you from hitting the phantom.
The phantom is heavily damaged.
The phantom hits you but does no damage.
Your plate armour prevents you from hitting the phantom.
The phantom is heavily damaged.
You block the phantom's attack.
You slice the phantom!!
You destroy the phantom!
Makhleb accepts your kill.
You feel better.
Your Axes skill increases to level 14!
Eat which item? (? for menu, Esc to quit)
Okay, then.
You start resting.
A phantom comes into view.
The phantom blinks!
No target in view!
No target in view!
No target in view!
You hit the phantom but do no damage. You block the phantom's attack.
Your shield and plate armour prevent you from hitting the phantom.
The phantom hits you but does no damage.
You hit the phantom but do no damage. You block the phantom's attack.
Your plate armour prevents you from hitting the phantom.
The phantom blinks!
No target in view!
No target in view!
No target in view!
The phantom blinks!
You hit the phantom.
The phantom is moderately damaged.
You block the phantom's attack.
You miss the phantom.
The phantom is lightly damaged.
The phantom blinks!
A centaur and a troll come into view.
The troll shouts!
The centaur shouts!
The centaur wields a shortbow.
The centaur shoots an arrow.
You block the arrow.
You see here an arrow.
You closely miss the phantom.
The phantom is lightly damaged.
The phantom hits you but does no damage.
You closely miss the phantom.
The phantom is lightly damaged.
The phantom hits you.
The phantom blinks!
The centaur shoots an arrow.
The arrow hits you.
You hear a shout!
The centaur unwields an uncursed shortbow.
You block the centaur's attack. The troll bites you!
You block the troll's attack. The troll claws you but does no damage.
The phantom blinks!
You see here an arrow.
You slice the troll!!
The troll is heavily wounded.
You hit the centaur.
The centaur is moderately wounded.
The centaur hits you but does no damage.
The troll bites you but does no damage. The troll claws you.
The troll claws you.
* * * LOW HITPOINT WARNING * * *
You block the centaur's attack.
Your shield and plate armour prevent you from hitting the troll.
The troll is heavily wounded.
Your plate armour prevents you from hitting the centaur.
The centaur is moderately wounded.
You block the troll's attack. The troll claws you but does no damage.
The troll claws you but does no damage.
The centaur hits you but does no damage.
You hit the troll but do no damage.
The troll is heavily wounded.
You hit the centaur.
The centaur is moderately wounded.
The centaur hits you but does no damage.
The troll bites you but does no damage. The troll claws you.
* * * LOW HITPOINT WARNING * * *
The troll barely misses you. The centaur hits you.
* * * LOW HITPOINT WARNING * * *
The troll bites you but does no damage. You block the troll's attack.
The troll claws you but does no damage.
An ogre comes into view. It is wielding a giant spiked club.
The centaur wields an uncursed shortbow.
The centaur shoots an arrow.
The arrow barely misses you.
You see here an arrow.
Evoke which item? (* to show all) (? for menu, Esc to quit)
Zapping:
I - a wand of cold (6)
Press: ? - help, Shift-Dir - straight line, f - centaur
Aim: a centaur, wielding a shortbow (moderately wounded)
The bolt of cold hits the troll.
The troll is almost dead.
The bolt of cold hits the centaur.
The centaur is almost dead.
This wand has 5 charges left.
You block the troll's attack. The troll claws you but does no damage.
The troll barely misses you.
You slash the troll!
You kill the troll!
Makhleb accepts your kill.
You feel better.
The centaur shoots an arrow.
The arrow hits you.
* * * LOW HITPOINT WARNING * * *
You hear a shout!
You slice the ogre!!
The ogre is severely wounded.
The ogre completely misses you.
You hit the ogre.
The ogre is almost dead.
A centaur warrior comes into view.
You slash the ogre!
You kill the ogre!
Makhleb accepts your kill.
You feel better.
The centaur warrior wields a shortbow.
The centaur warrior shoots an arrow of frost.
The arrow of frost hits you. The arrow of frost freezes you.
The centaur shoots an arrow.
You block the arrow.
The centaur shoots an arrow.
The arrow barely misses you.
Evoke which item? (* to show all) (? for menu, Esc to quit)
Zapping:
I - a wand of cold (5)
Press: ? - help, Shift-Dir - straight line, f - centaur warrior, p - centaur
Aim: a centaur warrior, wielding a shortbow The bolt of cold hits the centaur warrior.
The centaur warrior is moderately wounded.
This wand has 4 charges left.
The centaur warrior shoots an arrow of frost.
The arrow of frost hits you!
* * * LOW HITPOINT WARNING * * *
The arrow of frost freezes you.
* * * LOW HITPOINT WARNING * * *
The phantom blinks!
You slash the centaur!
You kill the centaur!
Makhleb accepts your kill.
You feel better.
The centaur warrior shoots an arrow of frost.
The arrow of frost hits you.
* * * LOW HITPOINT WARNING * * *
The arrow of frost freezes you.
* * * LOW HITPOINT WARNING * * *
The centaur warrior unwields an uncursed shortbow.
You block the centaur warrior's attack.
Items here: ( )) †† an uncursed shortbow; a giant spiked club; 8 arrows; a centaur corpse an ogre corpse You hit the centaur warrior.
The centaur warrior is heavily wounded.
The centaur warrior hits you.
* * * LOW HITPOINT WARNING * * *
The centaur warrior hits you.
* * * LOW HITPOINT WARNING * * *
Your plate armour prevents you from hitting the centaur warrior.
The centaur warrior is heavily wounded.
You miss the phantom.
The centaur warrior hits you but does no damage.
You block the phantom's attack. The centaur warrior hits you!
* * * LOW HITPOINT WARNING * * *
Evoke which item? (* to show all) (? for menu, Esc to quit)
Zapping:
I - a wand of cold (4)
Press: ? - help, Shift-Dir - straight line, f/p - centaur warrior
Aim: a centaur warrior (moderately wounded)
The bolt of cold hits the centaur warrior.
The centaur warrior is severely wounded.
This wand has 3 charges left.
The centaur warrior hits you.
* * * LOW HITPOINT WARNING * * *
The phantom hits you but does no damage.
Evoke which item? (* to show all) (? for menu, Esc to quit)
Zapping:
I - a wand of cold (3)
Press: ? - help, Shift-Dir - straight line, f/p - centaur warrior
Aim: a centaur warrior (severely wounded)
The bolt of cold hits the centaur warrior.
The centaur warrior is almost dead.
This wand has 2 charges left.
The centaur warrior hits you but does no damage.
You block the phantom's attack. You block the centaur warrior's attack.
You slash the centaur warrior!
You kill the centaur warrior!
Makhleb accepts your kill.
You feel better.
Your Invocations skill increases to level 6!
You closely miss the phantom. You block the phantom's attack.
You closely miss the phantom. You block the phantom's attack.
You are feeling hungry.
You hit the phantom but do no damage. You block the phantom's attack.
You closely miss the phantom. You block the phantom's attack.
You slice the phantom!!
The phantom is severely damaged.
You block the phantom's attack.
You slash the phantom!
The phantom is almost destroyed.
The phantom hits you.
* * * LOW HITPOINT WARNING * * *
The phantom blinks!
Found 7 curare-tipped needles.
You slice the phantom!!
You destroy the phantom!
Makhleb accepts your kill.
You feel better.
No target in view!
No target in view!
r - 36 arrows of frost (gained 7)
You see here an uncursed shortbow.
q - 234 arrows (gained 8)
Items here: )) †† an uncursed shortbow; a giant spiked club; a centaur corpse; an ogre corpse Butcher a centaur corpse? [(y)es/(c)hop/(n)o/(a)ll/(q)uit/?]
You butcher the centaur corpse.
You butcher the ogre corpse.
d - 8 chunks of flesh (gained 4);
d - 13 chunks of flesh (gained 5)
Items here: )) ÷÷ an uncursed shortbow; a giant spiked club; a centaur skeleton; an ogre skeleton
r - 39 arrows of frost (gained 3);
q - 237 arrows (gained 3)
q - 238 arrows (gained 1) Eat one of 13 chunks of flesh? (ye/n/q/i?) This raw flesh tastes terrible.
You continue eating. x2
Adjust (i)tems, (s)pells, or (a)bilities?
Adjust which ability? f - Evoke Teleportation Adjust to which letter?
T - Evoke Teleportation Adjust (i)tems, (s)pells, or (a)bilities?
Adjust which ability? c - Major Destruction Adjust to which letter? z - Major Destruction You start resting.
Some of the chunks of flesh in your inventory have rotted away.
You start resting.
You sense a monster nearby.
Items here: )) ÷÷ an uncursed shortbow; a giant spiked club; a centaur skeleton; an ogre skeleton
Found 15 gold pieces.
A wolf comes into view.
You closely miss the wolf. The wolf completely misses you.
You block the wolf's attack.
You slash the wolf!
The wolf is heavily wounded.
The wolf bites you! The wolf bites you but does no damage.
Your shield and plate armour prevent you from hitting the wolf.
The wolf is heavily wounded.
You block the wolf's attack. The wolf bites you but does no damage.
You barely miss the wolf.
The wolf is heavily wounded.
You block the wolf's attack. x2
You closely miss the wolf.
The wolf is heavily wounded.
The wolf bites you. The wolf bites you but does no damage.
Your shield and plate armour prevent you from hitting the wolf.
The wolf is heavily wounded.
You block the wolf's attack. The wolf bites you but does no damage.
Your plate armour prevents you from hitting the wolf.
The wolf is heavily wounded.
The wolf barely misses you.
You hit the wolf but do no damage.
The wolf is heavily wounded.
The wolf bites you. You block the wolf's attack.
Your plate armour prevents you from hitting the wolf.
The wolf is heavily wounded.
You block the wolf's attack. The wolf bites you but does no damage.
You slash the wolf!
You kill the wolf!
Makhleb accepts your kill.
You feel better.
No target in view!
No target in view!
A yak comes into view.
The yak bellows!
Items here: )) ÷÷ an uncursed shortbow; a giant spiked club; a centaur skeleton; an ogre skeleton A yak comes into view.
The yak bellows!
Items here: )) ÷÷ an uncursed shortbow; a giant spiked club; a centaur skeleton; an ogre skeleton 2 yaks come into view.
The yak bellows! x2
The yak moves out of view.
Maud the Forgotten comes into view.
She is wielding an enchanted scimitar.
Items here: )) ÷÷ an uncursed shortbow; a giant spiked club; a centaur skeleton; an ogre skeleton You slash the yak!
The yak is heavily wounded.
The yak gores you.
You slash the yak!
The yak is severely wounded.
You slash the yak!
The yak is almost dead.
Your plate armour prevents you from hitting the yak.
The yak gores you but does no damage. The yak gores you!
You slice the yak!!
You kill the yak!
Makhleb accepts your kill.
You feel better.
You slash the yak!
The yak is moderately wounded.
You block the yak's attack.
You hit the yak.
The yak is heavily wounded.
You closely miss the yak. You slice the yak!!
The yak is heavily wounded.
The yak gores you but does no damage.
You slash the yak!
The yak is almost dead.
You barely miss the yak.
The yak is almost dead.
You completely miss the yak.
The yak is heavily wounded.
The yak gores you but does no damage. You block the yak's attack.
You slash the yak!
You kill the yak!
Makhleb accepts your kill.
You feel better.
You hit the yak but do no damage.
The yak is heavily wounded.
You slice the yak!!
You kill the yak!
Makhleb accepts your kill.
You feel better.
You slice the yak!!
The yak is severely wounded.
You block the yak's attack.
You slash the yak!
The yak is almost dead.
The yak barely misses you.
A porcupine comes into view.
You hit the yak but do no damage.
The yak is almost dead.
The yak gores you.
You hit the yak.
The yak is almost dead.
You block the yak's attack.
You barely miss the yak.
The yak is almost dead.
You hit the porcupine.
The porcupine is moderately wounded.
The porcupine bites you but does no damage.
The yak barely misses you.
You closely miss the yak.
The yak is almost dead.
You hit the porcupine.
The porcupine is heavily wounded.
The porcupine bites you but does no damage.
The yak gores you but does no damage.
You slash the yak!
You kill the yak!
Makhleb accepts your kill.
You feel better.
You miss the porcupine.
The porcupine is heavily wounded.
You block the porcupine's attack.
The porcupine bites you but does no damage.
Your shield and plate armour prevent you from hitting the porcupine.
The porcupine is heavily wounded.
The porcupine bites you but does no damage.
You are struck by the porcupine's spines.
Your plate armour prevents you from hitting the porcupine.
The porcupine is heavily wounded.
The porcupine bites you but does no damage.
You are struck by the porcupine's spines.
You slice the porcupine!!
You kill the porcupine!
Makhleb accepts your kill.
You feel better.
You have reached level 12!
Your experience leads to an increase in your attributes!
Increase (S)trength, (I)ntelligence, or (D)exterity?
You feel stronger. x2
You see here a porcupine corpse.
You butcher the porcupine corpse.
d - 10 chunks of flesh (gained 1)
You see here a porcupine skeleton.
Things that are here:
a yak corpse x2
Butcher a yak corpse? [(y)es/(c)hop/(n)o/(a)ll/(q)uit/?]
You butcher the yak corpse. x2
d - 16 chunks of flesh (gained 6);
d - 22 chunks of flesh (gained 6)
You see here a yak skeleton.
You start resting.
Magic restored.
Adjust (i)tems, (s)pells, or (a)bilities?
Adjust which ability?
No such ability.
You start resting.
Some of the chunks of flesh in your inventory have rotted away.
You start resting.
HP restored.
You see here a porcupine skeleton.
You see here a jackal skeleton. 2 electric eels come into view.
The electric eel shoots out a bolt of lightning at you!
The bolt of electricity hits the electric eel.
The electric eel completely resists.
The bolt of electricity hits you!
An unseen horror comes into view.
You see here a jackal skeleton.
The electric eel shoots out a bolt of lightning at you!
The bolt of electricity hits you!
The electric eel shoots out a bolt of lightning at you!
The bolt of electricity hits the electric eel.
The electric eel completely resists.
The bolt of electricity hits you!
The electric eel shoots out a bolt of lightning at you!
The bolt of electricity hits you!
The electric eel shoots out a bolt of lightning at you!
The bolt of electricity hits the electric eel.
The electric eel completely resists.
The bolt of electricity hits you!
You closely miss the electric eel.
The unseen horror hits you but does no damage.
The electric eel shoots out a bolt of lightning at you!
The bolt of electricity hits the electric eel.
The electric eel completely resists.
The bolt of electricity hits you!
The unseen horror hits you but does no damage.
The electric eel shoots out a bolt of lightning at you!
The bolt of electricity misses you. The bolt of electricity hits you!
* * * LOW HITPOINT WARNING * * *
The bolt of electricity hits the electric eel.
The electric eel completely resists.
Press: ? - help, v - describe, . - travel
Here: an electric eel Some shallow water.
You slash the electric eel!
The electric eel is heavily wounded.
You hit the unseen horror but do no damage.
The unseen horror hits you.
* * * LOW HITPOINT WARNING * * *
The electric eel shoots out a bolt of lightning at you!
The bolt of electricity hits you!
* * * LOW HITPOINT WARNING * * *
The electric eel shoots out a bolt of lightning at you!
The bolt of electricity hits the electric eel.
The electric eel completely resists.
The bolt of electricity hits you!
* * * LOW HITPOINT WARNING * * *
The electric eel shoots out a bolt of lightning at you!
The bolt of electricity hits you!
* * * LOW HITPOINT WARNING * * *
The bolt of electricity hits you!
* * * LOW HITPOINT WARNING * * *
The bolt of electricity hits the electric eel.
The electric eel completely resists.
Drink which item? (? for menu, Esc to quit)
You fade into invisibility!
The unseen horror completely misses you.
The unseen horror hits you but does no damage.
The electric eel shoots out a bolt of lightning at you!
The bolt of electricity hits you!
* * * LOW HITPOINT WARNING * * *
The bolt of electricity misses you.
The bolt of electricity hits the electric eel.
The electric eel completely resists.
You are very lightly contaminated with residual magic.
Drink which item? (? for menu, Esc to quit)
You feel much better. You block the unseen horror's attack.
The electric eel shoots out a bolt of lightning at you!
The bolt of electricity hits you!
* * * LOW HITPOINT WARNING * * *
The bolt of electricity hits you!
* * * LOW HITPOINT WARNING * * *
The bolt of electricity hits the electric eel.
The electric eel completely resists.
The electric eel shoots out a bolt of lightning at the electric eel!
The bolt of electricity hits the electric eel.
The electric eel completely resists.
The unseen horror hits you but does no damage.
The electric eel shoots out a bolt of lightning at the electric eel!
The bolt of electricity hits the electric eel.
The electric eel completely resists.
The bolt of electricity hits you!
* * * LOW HITPOINT WARNING * * *
Drink which item? (? for menu, Esc to quit)
You feel much better. You block the unseen horror's attack.
You see here a jackal skeleton.
You start resting.
You are feeling hungry.
Eat one of 13 chunks of flesh? (ye/n/q/i?) This raw flesh tastes terrible.
You continue eating. x2
You start resting.
You flicker for a moment.
You start resting.
A hill giant comes into view. It is wielding a giant club.
Use which ability? (? or * to list)
You can't do that.
Use which ability? (? or * to list)
A demon appears!
It doesn't seem very happy.
You feel slightly more hungry.
The hill giant shouts!
Press: ? - help, v - describe, . - travel
Here: a neqoxec (hasn't noticed you, summoned)
The floor, spattered with blood.
The neqoxec shouts!
Use which ability? (? or * to list)
A demon appears!
You feel slightly more hungry.
The neqoxec shouts!
Your ynoxinul gestures.
You flicker back into view.
Your ufetubus hits the neqoxec but does no damage.
Your ufetubus hits the neqoxec.
Your ynoxinul closely misses the neqoxec.
You see here a porcupine skeleton.
You closely miss the neqoxec.
The neqoxec is lightly wounded.
The unseen horror hits your ufetubus.
Your ufetubus dies!
The neqoxec gestures at you.
Something tries to feed on your intellect!
Your ynoxinul misses the neqoxec. You hit the neqoxec but do no damage.
The neqoxec is lightly wounded.
The unseen horror hits your ynoxinul but does no damage.
The unseen horror hits your ynoxinul!
The neqoxec hits you but does no damage.
Your ynoxinul gestures at the neqoxec.
The iron shot hits the neqoxec.
The neqoxec dies!
The unseen horror hits your ynoxinul but does no damage.
The unseen horror hits your ynoxinul! x2
Your ynoxinul gestures.
You swap places.
The unseen horror closely misses your ynoxinul.
The unseen horror misses your ufetubus. The hill giant misses your ufetubus.
The unseen horror hits your ynoxinul.
Your ynoxinul closely misses the unseen horror.
The unseen horror hits your ynoxinul!
Your ynoxinul dies!
Your ufetubus hits the unseen horror but does no damage.
Your ufetubus barely misses the unseen horror.
Your ufetubus hits the unseen horror.
Your ufetubus hits the unseen horror but does no damage.
The hill giant closely misses your ufetubus.
The unseen horror hits your ufetubus!
Your ufetubus dies!
Your ufetubus hits the unseen horror.
Your ufetubus hits the unseen horror but does no damage.
Your ufetubus disappears in a puff of smoke! x3
The unseen horror hits you.
* * * LOW HITPOINT WARNING * * *
Use which ability? (? or * to list)
A demon appears!
It doesn't seem very happy.
You feel slightly more hungry. You block the unseen horror's attack.
Use which ability? (? or * to list)
A demon appears!
You feel slightly more hungry.
The unseen horror hits you but does no damage.
The neqoxec hits you but does no damage.
The neqoxec hits you but does no damage.
Your smoke demon hits the hill giant.
Your smoke demon hits the hill giant but does no damage.
Your smoke demon hits the hill giant.
Something hits your smoke demon!
Things that are here:
an uncursed shortbow; a giant spiked club A sky beast comes into view.
The sky beast moves out of view.
Found a scroll of teleportation.
Found a glowing dagger.
Found a stone staircase leading down.
The neqoxec gestures at you.
Something tries to feed on your intellect!
The electric eel shoots out a bolt of lightning at you!
The bolt of electricity hits you!
* * * LOW HITPOINT WARNING * * *
The bolt of electricity hits you!
You die...

.......## ######..#..x≈≈≈≈.
....(...# ##...÷{C##.;..≈≈≈.
........#
##..#######..;≈≈≈≈.
........###x÷## #..≈≈≈...
........#3.3## #.≈≈≈≈.≈.
........#.### #{≈≈≈≈≈..
........#)###########≈≈≈≈≈..
.........)3.3.C......≈≈≈
#.....##..Y..###@.?..≈;≈
#.###. #####...#)....≈≈≈ ##
###.......≈≈≈ ##.......≈
#........ ..>......
#.......≈ #........


You could see a hill giant, a neqoxec, an electric eel and a friendly smoke
demon.

Vanquished Creatures
  Monster Symbol All ' '
  The ghost of frankwang the Conjurer, an average OpWz (D:3)
1 creature vanquished. All '5' 4 crimson imps (D:5 D:6 D:7) A quasit (D:10) 4 shadow imps (D:6 D:8 D:9)
9 creatures vanquished. All '9' A gargoyle (D:9)
1 creature vanquished. All 'F' 5 giant frogs (D:6 D:7 D:8)
5 creatures vanquished. All 'G' An eye of draining (D:9)
1 creature vanquished. All 'J' 3 jellies (D:7 D:8 D:9) 4 oozes (D:1 D:3 D:8)
7 creatures vanquished. All 'K' Pikel (D:7) A big kobold (D:10) 17 kobolds (D:1 D:2 D:3 D:10)
19 creatures vanquished. All 'M' Menkaure (D:7)
1 creature vanquished. All 'O' 11 ogres (D:5 D:6 D:7 D:8 D:9)
11 creatures vanquished. All 'S' 9 adders (D:2 D:3 D:4 D:5 D:6) 2 ball pythons (D:1 D:2)
11 creatures vanquished. All 'T' 5 trolls (D:7 D:9 D:10)
5 creatures vanquished. All 'W' 2 hungry ghosts (D:7 D:8) 5 phantoms (D:4 D:9 D:10)
7 creatures vanquished. All 'Y' 4 yaks (D:10) An ice beast (D:6) 3 sky beasts (D:5 D:7)
8 creatures vanquished. All 'Z' 2 wyvern skeletons (D:7 D:9) 2 centaur skeletons (D:7 D:8) 3 hound skeletons (D:6 D:9) A hound zombie (D:9) 3 worker ant zombies (D:7 D:8 D:9) An adder skeleton (D:8) A giant gecko zombie (D:7) A quokka skeleton (D:4)
14 creatures vanquished. All 'a' 11 worker ants (D:4 D:6 D:7 D:8 D:9)
11 creatures vanquished. All 'b' A bat (D:1)
1 creature vanquished. All 'c' A centaur warrior (D:10) 6 centaurs (D:5 D:8 D:9 D:10)
7 creatures vanquished. All 'e' Duvessa (D:6) Dowan (D:6)
2 creatures vanquished. All 'g' Grum (D:9) A gnoll sergeant (D:7) 12 gnolls (D:6 D:7) 5 goblins (D:1 D:2 D:3) 7 hobgoblins (D:1 D:2 D:3)
26 creatures vanquished. All 'h' 6 wolves (D:9 D:10) 13 hounds (D:4 D:5 D:6 D:7 D:8) 8 jackals (D:4 D:10)
27 creatures vanquished. All 'l' 2 iguanas (D:7 D:9) 7 giant geckos (D:1 D:2 D:3 D:6 D:7) 4 giant newts (D:1 D:3 D:4)
13 creatures vanquished. All 'n' A necrophage (D:6)
1 creature vanquished. All 'o' 7 orc warriors (D:6 D:7 D:8 D:9) 16 orc wizards (D:5 D:6 D:7 D:8 D:9) 7 orc priests (D:3 D:5 D:6 D:7 D:8) 46 orcs (D:3 D:4 D:5 D:6 D:7)
76 creatures vanquished. All 'p' 4 slaves (D:7)
4 creatures vanquished. All 'r' A porcupine (D:10) 8 quokkas (D:2 D:6 D:8 D:9) 5 rats (D:1 D:2 D:3)
14 creatures vanquished. All 's' 2 scorpions (D:9) 2 giant cockroaches (D:3 D:4)
4 creatures vanquished. All 'w' A worm (D:5)
1 creature vanquished. All 'y' 5 killer bees (D:10)
5 creatures vanquished. All 'z' 3 wights (D:9)
3 creatures vanquished.
295 creatures vanquished. Monster Nature Uniques Pikel (D:7) Grum (D:9) Menkaure (D:7) Duvessa (D:6) Dowan (D:6)
5 creatures vanquished. Natural Monsters A centaur warrior (D:10) 5 trolls (D:7 D:9 D:10) 4 yaks (D:10) 6 wolves (D:9 D:10) A porcupine (D:10) An ice beast (D:6) 4 slaves (D:7) 7 orc warriors (D:6 D:7 D:8 D:9) 11 ogres (D:5 D:6 D:7 D:8 D:9) 3 sky beasts (D:5 D:7) An eye of draining (D:9) 6 centaurs (D:5 D:8 D:9 D:10) A big kobold (D:10) The ghost of frankwang the Conjurer, an average OpWz (D:3) A gnoll sergeant (D:7) 5 giant frogs (D:6 D:7 D:8) 2 scorpions (D:9) 5 killer bees (D:10) 3 jellies (D:7 D:8 D:9) 2 iguanas (D:7 D:9) 13 hounds (D:4 D:5 D:6 D:7 D:8) 16 orc wizards (D:5 D:6 D:7 D:8 D:9) 11 worker ants (D:4 D:6 D:7 D:8 D:9) 7 orc priests (D:3 D:5 D:6 D:7 D:8) 12 gnolls (D:6 D:7) 9 adders (D:2 D:3 D:4 D:5 D:6) 4 oozes (D:1 D:3 D:8) A worm (D:5) 46 orcs (D:3 D:4 D:5 D:6 D:7) 2 ball pythons (D:1 D:2) A bat (D:1) 5 goblins (D:1 D:2 D:3) 7 hobgoblins (D:1 D:2 D:3) 8 jackals (D:4 D:10) 8 quokkas (D:2 D:6 D:8 D:9) 2 giant cockroaches (D:3 D:4) 7 giant geckos (D:1 D:2 D:3 D:6 D:7) 4 giant newts (D:1 D:3 D:4) 17 kobolds (D:1 D:2 D:3 D:10) 5 rats (D:1 D:2 D:3)
255 creatures vanquished. Non-Living Monsters A gargoyle (D:9)
1 creature vanquished. Undead Monsters 2 hungry ghosts (D:7 D:8) A necrophage (D:6) 5 phantoms (D:4 D:9 D:10) 2 wyvern skeletons (D:7 D:9) 3 wights (D:9) 2 centaur skeletons (D:7 D:8) 3 hound skeletons (D:6 D:9) A hound zombie (D:9) 3 worker ant zombies (D:7 D:8 D:9) An adder skeleton (D:8) A giant gecko zombie (D:7) A quokka skeleton (D:4)
25 creatures vanquished. Demonic Monsters 4 crimson imps (D:5 D:6 D:7) A quasit (D:10) 4 shadow imps (D:6 D:8 D:9)
9 creatures vanquished.
295 creatures vanquished. Ascending Order A centaur warrior (D:10) Pikel (D:7) A gargoyle (D:9) Grum (D:9) Menkaure (D:7) A porcupine (D:10) Duvessa (D:6) An ice beast (D:6) A necrophage (D:6) An eye of draining (D:9) A big kobold (D:10) The ghost of frankwang the Conjurer, an average OpWz (D:3) A gnoll sergeant (D:7) Dowan (D:6) A quasit (D:10) A hound zombie (D:9) An adder skeleton (D:8) A worm (D:5) A bat (D:1) A giant gecko zombie (D:7) A quokka skeleton (D:4) 2 hungry ghosts (D:7 D:8) 2 wyvern skeletons (D:7 D:9) 2 scorpions (D:9) 2 iguanas (D:7 D:9) 2 centaur skeletons (D:7 D:8) 2 ball pythons (D:1 D:2) 2 giant cockroaches (D:3 D:4) 3 sky beasts (D:5 D:7) 3 wights (D:9) 3 jellies (D:7 D:8 D:9) 3 hound skeletons (D:6 D:9) 3 worker ant zombies (D:7 D:8 D:9) 4 yaks (D:10) 4 slaves (D:7) 4 crimson imps (D:5 D:6 D:7) 4 shadow imps (D:6 D:8 D:9) 4 oozes (D:1 D:3 D:8) 4 giant newts (D:1 D:3 D:4) 5 trolls (D:7 D:9 D:10) 5 phantoms (D:4 D:9 D:10) 5 giant frogs (D:6 D:7 D:8) 5 killer bees (D:10) 5 goblins (D:1 D:2 D:3) 5 rats (D:1 D:2 D:3) 6 wolves (D:9 D:10) 6 centaurs (D:5 D:8 D:9 D:10) 7 orc warriors (D:6 D:7 D:8 D:9) 7 orc priests (D:3 D:5 D:6 D:7 D:8) 7 hobgoblins (D:1 D:2 D:3) 7 giant geckos (D:1 D:2 D:3 D:6 D:7) 8 quokkas (D:2 D:6 D:8 D:9) 8 jackals (D:4 D:10) 9 adders (D:2 D:3 D:4 D:5 D:6) 11 ogres (D:5 D:6 D:7 D:8 D:9) 11 worker ants (D:4 D:6 D:7 D:8 D:9) 12 gnolls (D:6 D:7) 13 hounds (D:4 D:5 D:6 D:7 D:8) 16 orc wizards (D:5 D:6 D:7 D:8 D:9) 17 kobolds (D:1 D:2 D:3 D:10) 46 orcs (D:3 D:4 D:5 D:6 D:7)
295 creatures vanquished. ----------------------------------------

Vanquished Creatures (collateral kills)
  Monster Symbol All 'F'
  A giant frog (D:8)
1 creature vanquished. All 'J' A jelly (D:8)
1 creature vanquished. All 'n' A necrophage (D:8)
1 creature vanquished. All 's' A scorpion (D:8)
1 creature vanquished.
4 creatures vanquished. Monster Nature Natural Monsters A giant frog (D:8) A jelly (D:8) A scorpion (D:8)
3 creatures vanquished. Undead Monsters A necrophage (D:8)
1 creature vanquished.
4 creatures vanquished. Ascending Order A necrophage (D:8) A giant frog (D:8) A jelly (D:8) A scorpion (D:8)
4 creatures vanquished. ----------------------------------------

Vanquished Creatures (others)
  Monster Symbol All 'h'
  A jackal (D:10)
1 creature vanquished.
1 creature vanquished. Monster Nature Natural Monsters A jackal (D:10)
1 creature vanquished.
1 creature vanquished. Ascending Order A jackal (D:10)
1 creature vanquished. ----------------------------------------

Grand Total: 300 creatures vanquished

Notes
Turn   | Place    | Note
--------------------------------------------------------------
     0 | D:1      | Daisuki the Formicid Fighter began the quest for the Orb.
     0 | D:1      | Reached XP level 1. HP: 18/18 MP: 1/1
   166 | D:1      | Reached XP level 2. HP: 17/24 MP: 2/2
   457 | D:1      | Reached XP level 3. HP: 25/29 MP: 3/3
   519 | D:1      | Reached skill level 3 in Axes
  1071 | D:2      | Reached XP level 4. HP: 37/37 MP: 4/4
  1227 | D:2      | You fall through a shaft for 2 floors!
  1235 | D:4      | Reached skill level 4 in Fighting
  1317 | D:3      | Reached skill level 4 in Axes
  1452 | D:2      | Found a stormy altar of Qazlal.
  1454 | D:2      | Found a radiant altar of Vehumet.
  1461 | D:2      | Found a white marble altar of Elyvilon.
  1603 | D:3      | Noticed frankwang's ghost (average OpWz)
  1628 | D:3      | Killed frankwang's ghost
  1628 | D:3      | Reached XP level 5. HP: 13/43 MP: 5/5
  2641 | D:3      | Reached XP level 6. HP: 47/49 MP: 6/6
  2701 | D:3      | Reached skill level 5 in Axes
  3414 | D:4      | Noticed a phantom
  3425 | D:4      | Killed a phantom
  3425 | D:4      | Reached skill level 5 in Fighting
  3425 | D:4      | Reached skill level 6 in Axes
  3425 | D:4      | Reached XP level 7. HP: 36/56 MP: 7/7
  3998 | D:5      | Entered Level 5 of the Dungeon
  4247 | D:5      | Reached skill level 7 in Axes
  4247 | D:5      | Reached XP level 8. HP: 19/64 MP: 8/8
  4461 | D:5      | Found a stormy altar of Qazlal.
  4486 | D:5      | Reached skill level 6 in Fighting
  5189 | D:5      | Reached skill level 8 in Axes
  5606 | D:6      | Reached skill level 7 in Fighting
  5610 | D:6      | Reached skill level 9 in Axes
  5610 | D:6      | Reached XP level 9. HP: 21/72 MP: 9/9
  5849 | D:5      | Found a deep blue altar of Sif Muna.
  6218 | D:6      | Noticed Dowan
  6220 | D:6      | Noticed Duvessa
  6236 | D:6      | Killed Duvessa
  6243 | D:6      | Killed Dowan
  6392 | D:6      | Reached skill level 10 in Axes
  6875 | D:7      | Noticed a troll
  6904 | D:7      | Killed a troll
  6904 | D:7      | Reached skill level 8 in Fighting
  7142 | D:7      | Noticed Pikel
  7158 | D:7      | Killed Pikel
  7158 | D:7      | Reached XP level 10. HP: 79/81 MP: 10/10
  7178 | D:7      | Reached skill level 11 in Axes
  7626 | D:7      | Reached skill level 9 in Fighting
  7752 | D:7      | Noticed Menkaure
  7763 | D:7      | Killed Menkaure
  8068 | D:7      | Reached skill level 12 in Axes
  8077 | D:7      | Identified a book of Minor Magic
  8213 | D:7      | Found a glowing golden altar of the Shining One.
  8248 | D:7      | Found a staircase to the Ecumenical Temple.
  8259 | Temple   | Entered the Ecumenical Temple
  8516 | Temple   | Became a worshipper of Makhleb the Destroyer
  9226 | D:8      | Acquired Makhleb's first power
  9344 | D:8      | Found a sacrificial altar of Ru.
  9462 | D:8      | Found Xeragiates's Assorted Antiques.
  9475 | D:8      | Bought a pair of embroidered boots for 139 gold pieces
  9475 | D:8      | Bought a scroll of identify for 62 gold pieces
  9475 | D:8      | Bought a potion of heal wounds for 155 gold pieces
  9475 | D:8      | Bought a white potion for 27 gold pieces
  9660 | D:8      | Found an iron altar of Okawaru.
  9706 | D:8      | Reached skill level 10 in Fighting
  9790 | D:8      | Acquired Makhleb's second power
  9796 | D:8      | Found Purud's Gadget Shop.
  9955 | D:8      | Reached XP level 11. HP: 15/90 MP: 11/11
 10261 | D:8      | Got a crude ring mail
 10323 | D:8      | Found Jegriwab's Armour Boutique.
 10334 | D:8      | Reached skill level 1 in Invocations
 10359 | D:8      | Bought a +0 cloak for 72 gold pieces
 10371 | D:8      | Found Gaipetor's Antique Armour Shop.
 10534 | D:8      | Found Maoroen's General Store.
 10545 | D:8      | Bought a scroll of identify for 24 gold pieces
 10987 | D:9      | Reached skill level 13 in Axes
 10987 | D:9      | Reached skill level 2 in Invocations
 11032 | D:9      | Noticed Grum
 11041 | D:9      | Killed Grum
 11088 | D:9      | Reached skill level 3 in Invocations
 11175 | D:9      | Acquired Makhleb's third power
 11279 | D:9      | Reached skill level 4 in Invocations
 11523 | D:9      | Identified a book of Maledictions
 11833 | D:9      | Reached skill level 5 in Invocations
 11932 | D:9      | Noticed an iron golem
 11932 | D:9      | Noticed an iron golem
 11932 | D:9      | Noticed an iron golem
 11932 | D:9      | Noticed an iron golem
 12079 | D:10     | Entered Level 10 of the Dungeon
 12203 | D:10     | Acquired Makhleb's fourth power
 12239 | D:10     | Reached skill level 14 in Axes
 12283 | D:10     | Noticed a centaur warrior
 12291 | D:10     | Killed a centaur warrior
 12291 | D:10     | Reached skill level 6 in Invocations
 12435 | D:10     | Noticed Maud
 12459 | D:10     | Reached XP level 12. HP: 78/97 MP: 15/17
 12552 | D:10     | HP: 3/97 [electric eel/bolt of electricity (9)]
 12592 | D:10     | Noticed a hill giant
 12614 | D:10     | HP: 3/97 [electric eel/bolt of electricity (14)]
 12614 | D:10     | Killed from afar by an electric eel

Vault maps used:
D:1:      dpeg_arrival_simpleton_b
D:2:      minitemple
D:4:      first_bread
D:5:      lemuel_upstairs_altar, minmay_misc_feat_chi, grunt_qazlal_sundering
D:6:      hangedman_decor_peaks_small, uniq_duvessa
D:7:      minmay_flawed_box, kennysheep_mini_moat,
          minmay_temple_entry_purple_smoke, uniq_menkaure, uniq_pikel
D:8:      kennysheep_little_box, serial_shops, shop, nicolae_shop_behind_doors,
          shop, shop, nicolae_shop_window_shopping, basic_altar
D:9:      cheibrodos_stairvault_heist, uniq_grum
D:10:     erik_lair_island, blue_anna_alchemist, uniq_sonja, uniq_maud
Temple:   minmay_temple_curvy_14

Action                   |  1- 3 |  4- 6 |  7- 9 | 10-12 || total
-------------------------+-------+-------+-------+-------++-------
Melee: War axe           |    76 |   203 |   322 |   418 ||  1019
       Battleaxe         |       |       |       |   197 ||   197
Invok: Lesser Servant of |       |       |       |     4 ||     4
Evoke: Wand              |       |       |     1 |    15 ||    16
  Use: Potion            |       |       |     6 |     7 ||    13
       Scroll            |       |       |    21 |     7 ||    28
 Stab: Confused          |       |       |       |     2 ||     2
  Eat: Chunk             |     1 |     7 |    13 |    21 ||    42
